 Dungeon Crawl Stone Soup version 0.25.0-11-g1f837a76a1 (webtiles) character file.

Game seed: 1576427209222941897

157110 protoss039 the Eclecticist (level 17, -9/114 HPs)
             Began as a Deep Elf Earth Elementalist on June 25, 2020.
             Was the Champion of Vehumet.
             Hit by a silver javelin thrown by a merfolk javelineer (19 damage)
             ... on level 4 of the Shoals on June 26, 2020.
             The game lasted 03:18:44 (34684 turns).

protoss039 the Eclecticist (DEEE)                  Turns: 34684, Time: 03:18:51

Health: -9/114     AC: 34    Str:  5    XL:     17   Next: 11%
Magic:  21/43      EV: 13    Int: 30    God:    Vehumet [******]
Gold:   3701       SH:  0    Dex: 15    Spells: 7/57 levels left

rFire    + . .     SeeInvis +   s - +10 great sword "Uhayzi" {vamp, rF+ Int+2 Stlth+}
rCold    + . .     Gourm    .   (shield currently unavailable)
rNeg     + . .     Faith    .   (armour currently unavailable)
rPois    ∞         Spirit   .   R - +1 hat
rElec    +         Reflect  .   j - +2 cloak {Stlth+}
rCorr    .         Harm     .   (gloves currently unavailable)
MR       ++...                  (boots currently unavailable)
Stlth    +++.......             o - amulet of magic regeneration
HPRegen  0.29/turn              y - ring of see invisible
MPRegen  0.53/turn              g - ring of protection from magic

@: statue-form, hasted
A: cold resistance 1
a: End Transformation, Renounce Religion


You were on level 4 of the Shoals.
You worshipped Vehumet.
Vehumet was exalted by your worship.
You were hungry.
You were a stone statue.
You visited 5 branches of the dungeon, and saw 28 of its levels.
You visited 1 bazaar.
You also visited: Ossuary, Bailey, Gauntlet and Volcano.

You collected 4606 gold pieces.
You spent 905 gold pieces at shops.

Inventory:

Hand Weapons
 s - the +10 great sword "Uhayzi" (weapon) {vamp, rF+ Int+2 Stlth+}
   (You bought it in a shop on level 2 of the Orcish Mines)

   It inflicts no extra harm, but heals its wielder when it wounds a living foe.
   It affects your intelligence (+2).
   It protects you from fire.
   It makes you more stealthy.
 Z - the +3 hand axe of the Witching Fulmar {vorpal, rC+ Int+6}
   (You bought it in a shop on level 2 of the Orcish Mines)

   It inflicts extra damage upon your enemies.
   It affects your intelligence (+6).
   It protects you from cold.
Missiles
 b - 256 stones (quivered)
Armour
 c - a +0 pair of boots (melded)
 j - a +2 cloak of stealth (worn)
 l - a +0 pair of gloves (melded)
 x - the +3 ring mail "Lasmy" (melded) {+Inv}
   (You found it on level 9 of the Dungeon)

   It lets you turn invisible.
 M - a +1 robe of positive energy
 P - a +0 leather armour of fire resistance
 R - a +1 hat (worn)
Jewellery
 g - a ring of protection from magic (right hand)
 o - an amulet of magic regeneration (around neck)
 y - a ring of see invisible (left hand)
 F - an uncursed ring of fire
Wands
 h - a wand of digging (4)
 q - a wand of disintegration (67)
 B - a wand of clouds (6)
 H - a wand of acid (30)
 J - a wand of iceblast (16)
 L - a wand of paralysis (13)
 N - a wand of flame (72)
 O - a wand of polymorph (14)
 Y - a wand of enslavement (19)
Scrolls
 e - 5 scrolls of fear
 i - 2 scrolls of amnesia
 k - a scroll of holy word
 n - 5 scrolls of teleportation
 p - 11 scrolls of immolation
 u - 4 scrolls of enchant armour
 w - 11 scrolls of remove curse
 z - 4 scrolls of enchant weapon
 A - 2 scrolls of blinking
 C - 3 scrolls of fog
 D - 4 scrolls of magic mapping
 Q - a scroll of brand weapon
 V - 5 scrolls of identify
Potions
 a - 3 potions of resistance
 f - 3 potions of magic
 m - 5 potions of mutation
 r - 5 potions of curing
 t - 8 potions of flight
 v - 3 potions of heal wounds
 E - a potion of brilliance
 G - 6 potions of stabbing
 K - a potion of might
 U - 2 potions of lignification
 W - a potion of haste
Comestibles
 d - 42 rations


   Skills:
 * Level 3.6 Fighting
 * Level 4.2 Long Blades
 - Level 3.0 Dodging
 - Level 3.0 Stealth
 + Level 20.6 Spellcasting
 * Level 12.9 Conjurations
 + Level 8.8 Transmutations
 + Level 6.0 Ice Magic
 + Level 1.1 Air Magic
 * Level 20.6 Earth Magic
 + Level 2.0 Evocations


You had 7 spell levels left.
You knew the following spells:

 Your Spells              Type           Power        Failure   Level  Hunger
a - Sandblast             Erth           ######       0%          1    None
b - Passwall              Tmut/Erth      #######.     0%          2    None
c - Stone Arrow           Conj/Erth      ######       0%          3    None
d - Petrify               Tmut/Erth      #######.     1%          4    None
e - Lee's Rapid Deconstr  Erth           ########..   0%          5    None
f - Iron Shot             Conj/Erth      #######...   1%          6    None
g - Conjure Ball Lightni  Conj/Air       ######....   2%          6    None
h - Statue Form           Tmut/Erth      #######..    1%          6    None
i - Lehudib's Crystal Sp  Conj/Erth      #######...   2%          8    #####..
k - Absolute Zero         Ice            ######....   100%        9    ######.

Your spell library contained the following spells:

 Spells                   Type           Power        Failure   Level  Hunger
 Chain Lightning          Conj/Air       ######....   69%         8    #####..
 Magic Dart               Conj           ####         0%          1    None
 Searing Ray              Conj           ######       0%          2    None
 Beastly Appendage        Tmut           ######       1%          1    None
 Corona                   Hex            ####...      1%          1    None
 Ensorcelled Hibernation  Hex/Ice        #####.       1%          2    None
 Poisonous Vapours        Pois/Air       ####..       1%          2    None
 Sticks to Snakes         Tmut           ######..     1%          2    None
 Conjure Flame            Conj/Fire      ######..     1%          3    None
 Dazzling Flash           Conj/Hex       ######       1%          3    None
 Mephitic Cloud           Conj/Pois/Air  ######..     1%          3    None
 Spider Form              Tmut/Pois      ######....   1%          3    None
 Fulminant Prism          Conj/Hex       ######....   1%          4    None
 Ice Form                 Ice/Tmut       ######..     1%          4    None
 Iskenderun's Mystic Bla  Conj/Tloc      ######..     1%          4    None
 Blade Hands              Tmut           ######....   1%          5    None
 Irradiate                Conj/Tmut      #######...   1%          5    None
 Yara's Violent Unravell  Hex/Tmut       ######....   1%          5    None
 Confusing Touch          Hex            ####....     3%          3    None
 Gell's Gravitas          Tloc           ####......   3%          3    None
 Lesser Beckoning         Tloc           ####......   3%          3    None
 Tukima's Dance           Hex            ####....     3%          3    None
 Freezing Cloud           Conj/Ice/Air   ######....   3%          6    None
 Starburst                Conj/Fire      ######....   3%          6    None
 Hydra Form               Tmut           ######....   4%          6    None
 Metabolic Englaciation   Hex/Ice        #####.....   10%         5    None
 Dragon Form              Tmut           ######....   26%         7    ###....
 Simulacrum               Ice/Necr       #####.....   45%         6    None
 Dispersal                Tloc           ####......   87%         6    None
 Invisibility             Hex            ####....     87%         6    None
 Ring of Flames           Chrm/Fire      ####......   100%        7    ###....


Dungeon Overview and Level Annotations

Branches:
Dungeon (15/15)            Temple (1/1) D:4            Lair (6/6) D:11
 Shoals (4/4) Lair:3       Spider (0/4) Lair:3        Slime (0/5) Lair:6
    Orc (2/2) D:11            Elf (0/3) Orc:2        Vaults (0/5) D:13
 Depths (0/5) D:15        Ossuary (visited)          Bailey (visited)
Volcano (visited)         Gauntlet (visited)

Altars:
Ashenzari
Cheibriados
Dithmenos
Elyvilon
Fedhas
Gozag
Hepliaklqana
Kikubaaqudgha
Makhleb
Nemelex Xobeh
Okawaru
Qazlal
Ru
Sif Muna
Trog
Uskayaw
Vehumet
Wu Jian
Xom
Yredelemnul
Zin
The Shining One
Jiyva

Shops:
D:4 !   D:11 ?   D:13 %   Orc:2 (=(%   Shoals:2 (

Annotations:
Lair:2 exclusion: 3 oklob plants
Shoals:1 1 runed translucent door, exclusion: door, KappaVara's ghost, adept DsFi
Shoals:2 Ilsuiw


Innate Abilities, Weirdness & Mutations

Your flesh is cold resistant. (rC+)


Message History

Unknown command.
You feel yourself speed up.
The sea snake bites the plant but does no damage.
The merfolk javelineer throws a silver javelin.
The silver javelin pierces through you!!
The silver sears you!
You hear a splash.
The merfolk avatar chants a haunting song.
You resist with almost no effort.
The merfolk impaler hits you but does no damage.
You blink.
The sea snake bites the plant!
The merfolk impaler hits you but does no damage.
Space bends around you.
The faun unwields a +0 spear.
The faun wields a +0 hunting sling.
The faun shoots a sling bullet.
The sling bullet hits you but does no damage.
The merfolk javelineer throws a silver javelin.
The silver javelin pierces through you!!
* * * LOW HITPOINT WARNING * * *
The silver sears you!
You die...

≈≈≈≈≈≈≈≈≈≈≈
≈≈≈≈≈≈≈≈≈≈# ≈≈#≈..
≈≈≈≈≈≈≈≈≈≈# ≈#≈#≈
..≈≈≈≈§≈≈≈#m≈≈≈≈#
...≈≈≈≈§≈≈#≈#≈≈≈ .
...(≈≈≈§≈≈mm≈≈≈§#≈≈
........§m)#≈≈#≈≈≈#
.......E§..≈#≈≈≈≈#
.......<(.m8≈≈####≈
....###PP..($≈≈≈≈≈≈
..P. #Pc...≈≈≈≈≈≈≈
≈§P m.SP.....≈≈≈≈≈≈
≈≈ ......##.≈≈≈≈≈≈
...c..P .≈≈≈≈≈≈
...=...P.≈≈≈≈≈≈≈
P......##P≈≈≈≈≈≈≈
..... .≈≈≈≈≈≈


You could see a merfolk impaler, a merfolk javelineer, a sea snake, 2 merfolk
aquamancers, 2 fauns and a water elemental.

Vanquished Creatures
  2 krakens
  A stone giant (Orc:1)
  3 entropy weavers
  Nessos (Lair:4)
  A minotaur (Gauntlet)
  2 merfolk impalers
  2 ettins
  Josephine (Lair:4)
  10 hydras
  4 centaur warriors
  2 vault guards (D:13)
  An alligator snapping turtle (Shoals:2)
  A death knight (D:11)
  6 merfolk avatars
  3 merfolk aquamancers
  2 satyrs (Shoals:3)
  7 two-headed ogres
  A queen ant (Lair:6)
  A hell hog (Volcano)
  3 deep elf knights
  16 death yaks
  3 orc high priests (Orc:2)
  2 tengu warriors
  Nergalle (D:10)
  A skeletal warrior (D:11)
  11 sea snakes
  2 unseen horrors
  A phantasmal warrior (D:11)
  A deep troll (D:15)
  A deep elf archer (D:15)
  Pikel (D:9)
  14 harpies
  A necromancer (Gauntlet)
  5 orc sorcerers
  4 orc knights (Orc:2)
  2 oklob plants
  10 deep elf magi (Bailey)
  2 wolf spiders
  14 ugly things
  2 salamanders (Volcano)
  12 manticores
  7 fauns
  9 cyclopes
  An elephant (Lair:2)
  5 merfolk sirens
  Joseph (D:8)
  6 black mambas
  2 water nymphs
  A torpor snail (Lair:6)
  9 spiny frogs
  4 centaur skeletons
  2 kobold demonologists
  A freezing wraith (D:14)
  8 komodo dragons
  2 tengu conjurers
  11 polar bears (Lair:6)
  A troll (shapeshifter) (D:15)
  12 merfolk
  3 wind drakes
  2 hornets
  13 blink frogs
  4 trolls
  10 dream sheep
  12 slime creatures
  A snapping turtle (Shoals:1)
  12 hippogriffs
  A raiju (Lair:6)
  2 redbacks
  A shadow (D:9)
  17 water elementals
  3 wyverns
  8 wraiths
  A basilisk (Lair:2)
  A hog (D:12)
  10 humans
  A fire bat (Volcano)
  27 yaks
  Grum (D:9)
  A hungry ghost (D:13)
  4 vampire mosquitoes (D:12)
  6 wargs
  25 soldier ants
  10 water moccasins
  18 hell hounds
  5 porcupines
  26 orc warriors
  4 ice beasts
  5 sky beasts
  A slave (D:9)
  7 ogres
  4 phantoms
  A swamp drake (D:11)
  16 black bears
  21 wolves
  24 centaurs
  8 crocodiles
  2 necrophages
  11 bullfrogs
  7 big kobolds
  A wyvern skeleton (D:12)
  5 scorpions
  8 wights
  12 howler monkeys
  4 electric eels
  A crimson imp (D:10)
  4 centaur zombies
  2 bullfrog zombies
  4 hounds
  22 orc priests
  A bullfrog skeleton (D:6)
  10 jellies
  30 orc wizards
  An iguana (D:10)
  8 hell rats
  27 worker ants
  A killer bee zombie (D:6)
  A hound skeleton (D:4)
  A hound zombie (D:5)
  12 mummies (Ossuary)
  2 worker ant zombies
  12 adders
  4 gnolls (D:6)
  A howler monkey skeleton (D:9)
  2 river rats (D:11)
  6 shadow imps
  3 oozes
  An adder zombie (D:6)
  2 adder skeletons
  3 worms
  3 dart slugs
  4 leopard geckos
  98 orcs
  8 giant cockroaches
  4 goblins
  7 hobgoblins
  5 jackals
  19 kobolds
  5 quokkas
  A ball python (D:7)
  14 bats
  6 frilled lizards
  3 gnoll skeletons (Ossuary)
  2 goblin skeletons
  A goblin zombie (D:6)
  2 hobgoblin zombies (D:6)
  3 kobold skeletons
  2 kobold zombies (D:6)
  A leopard gecko skeleton (D:6)
  4 orc skeletons
  A quokka skeleton (D:5)
  2 quokka zombies (D:7)
  4 rats
  11 rat skeletons (Ossuary)
  A rat zombie (D:7)
  A butterfly (Lair:1)
  2 fungi (Lair:5)
  A plant (Lair:2)
  6 tentacles
990 creatures vanquished.

Vanquished Creatures (others)
  A vault guard (D:13)
  2 ball lightnings (Lair:2)
  A phantom (D:9)
  3 slaves (D:9)
  A howler monkey (D:9)
  An orc priest (Orc:2)
  An orc wizard (Orc:2)
  An adder (D:9)
  An orc (D:9)
  11 fungi
  34 plants
  13 tentacles
70 creatures vanquished.

Grand Total: 1060 creatures vanquished

Notes
Turn   | Place    | Note
-------+----------+-------------------------------------------
     0 | D:1      | protoss039 the Deep Elf Earth Elementalist began the quest
                  | for the Orb.
     0 | D:1      | Reached XP level 1. HP: 10/10 MP: 6/6
   113 | D:1      | Reached XP level 2. HP: 9/15 MP: 6/8
   523 | D:1      | Reached XP level 3. HP: 19/19 MP: 7/10
   902 | D:2      | Learned a level 2 spell: Passwall
   953 | D:2      | Learned a level 3 spell: Stone Arrow
  1472 | D:2      | Found a radiant altar of Vehumet.
  1523 | D:2      | Became a worshipper of Vehumet
  2034 | D:3      | Found a bloodstained altar of Trog.
  2266 | D:3      | Reached XP level 4. HP: 24/24 MP: 10/12
  2371 | D:3      | Found a shimmering altar of Xom.
  2909 | D:4      | Found Ilantid's Distillery.
  2926 | D:4      | Bought a potion of lignification for 30 gold pieces
  2926 | D:4      | Bought a potion of curing for 30 gold pieces
  2926 | D:4      | Bought a potion of heal wounds for 50 gold pieces
  2926 | D:4      | Bought a potion of curing for 30 gold pieces
  2976 | D:4      | Reached skill level 5 in Spellcasting
  2976 | D:4      | Reached skill level 5 in Earth Magic
  2976 | D:4      | Reached XP level 5. HP: 28/28 MP: 8/14
  3024 | D:4      | Found a staircase to the Ecumenical Temple.
  3029 | D:4      | Noticed a sky beast
  3048 | Temple   | Entered the Ecumenical Temple
  3358 | D:4      | Killed a sky beast
  3628 | D:4      | Reached XP level 6. HP: 32/32 MP: 14/17
  3685 | D:4      | Found a blossoming altar of Fedhas.
  4119 | D:4      | Found an ancient bone altar of Kikubaaqudgha.
  4448 | D:5      | Entered Level 5 of the Dungeon
  4512 | D:5      | Reached * piety under Vehumet
  4512 | D:5      | Offered knowledge of Shock by Vehumet.
  4699 | D:5      | Reached skill level 1 in Conjurations
  4699 | D:5      | Reached XP level 7. HP: 36/36 MP: 5/19
  5311 | D:6      | Learned a level 4 spell: Petrify
  5317 | D:6      | Learned a level 5 spell: Lee's Rapid Deconstruction
  5319 | D:6      | Found a basalt altar of Yredelemnul.
  5580 | D:6      | Reached XP level 8. HP: 41/41 MP: 17/22
  5850 | D:6      | Offered knowledge of Freeze by Vehumet.
  5918 | D:6      | Reached ** piety under Vehumet
  5943 | D:6      | Found a glowing golden altar of the Shining One.
  6004 | D:6      | Found a sparkling altar of Nemelex Xobeh.
  6117 | D:7      | Reached skill level 10 in Earth Magic
  6232 | D:7      | Reached XP level 9. HP: 45/45 MP: 20/24
  6243 | D:7      | Found a sand-covered staircase.
  6249 | D:7      | Reached skill level 10 in Spellcasting
  6252 | Ossuary  | Entered an ossuary
  6256 | Ossuary  | Offered knowledge of Mephitic Cloud by Vehumet.
  6403 | Ossuary  | Reached *** piety under Vehumet
  6742 | Ossuary  | Offered knowledge of Hailstorm by Vehumet.
  7782 | D:8      | Noticed Joseph
  7794 | D:8      | Killed Joseph
  7950 | D:8      | Reached **** piety under Vehumet
  7950 | D:8      | Reached XP level 10. HP: 42/50 MP: 25/27
  8073 | D:8      | Found a glowing silver altar of Zin.
  8376 | D:8      | Noticed a two-headed ogre
  8388 | D:8      | Killed a two-headed ogre
  8593 | D:8      | Offered knowledge of Sticky Flame by Vehumet.
  8598 | D:8      | Found an iron altar of Okawaru.
  8735 | D:8      | Found a shimmering blue altar of Sif Muna.
  8971 | D:9      | Noticed a two-headed ogre
  8985 | D:9      | Found a white marble altar of Elyvilon.
  8988 | D:9      | Noticed Grum
  9038 | D:9      | Found a hide-covered altar of Uskayaw.
  9038 | D:9      | Found a blossoming altar of Fedhas.
  9062 | D:9      | Noticed Pikel
  9071 | D:9      | Killed Pikel
  9115 | D:9      | Found a flagged portal.
  9273 | Bailey   | Entered a bailey
  9279 | Bailey   | Noticed a deep elf mage
  9283 | Bailey   | Killed a deep elf mage
  9285 | Bailey   | Noticed a deep elf mage
  9294 | Bailey   | Killed a deep elf mage
  9295 | Bailey   | Noticed a deep elf mage
  9298 | Bailey   | Killed a deep elf mage
  9306 | Bailey   | Noticed a deep elf mage
  9306 | Bailey   | Noticed a deep elf mage
  9306 | Bailey   | Noticed a deep elf mage
  9313 | Bailey   | Killed a deep elf mage
  9326 | Bailey   | Killed a deep elf mage
  9326 | Bailey   | Reached XP level 11. HP: 55/55 MP: 0/30
  9438 | Bailey   | Noticed a deep elf mage
  9439 | Bailey   | Killed a deep elf mage
  9443 | Bailey   | Noticed a deep elf mage
  9451 | Bailey   | Killed a deep elf mage
  9452 | Bailey   | Killed a deep elf mage
  9458 | Bailey   | Noticed a deep elf mage
  9459 | Bailey   | Killed a deep elf mage
  9508 | Bailey   | Noticed a deep elf knight
  9513 | Bailey   | Killed a deep elf knight
  9614 | Bailey   | Identified Ynucogre's Incunabulum of the Hurtful Compass
  9638 | Bailey   | Noticed a deep elf mage
  9643 | Bailey   | Killed a deep elf mage
  9895 | D:9      | Reached skill level 15 in Earth Magic
  9904 | D:9      | Killed a two-headed ogre
  9988 | D:9      | Killed Grum
 10284 | D:9      | Got a crude ring mail
 10295 | D:9      | Identified the +3 ring mail "Lasmy" {+Inv} (You found it on
                  | level 9 of the Dungeon)
 10307 | D:9      | Reached ***** piety under Vehumet
 10402 | D:9      | Found an opulent altar of Gozag.
 10456 | D:9      | Offered knowledge of Iron Shot by Vehumet.
 10744 | D:9      | Learned a level 6 spell: Iron Shot
 10790 | D:10     | Entered Level 10 of the Dungeon
 10934 | D:10     | Noticed Nergalle
 10940 | D:10     | Killed Nergalle
 11461 | D:10     | Reached XP level 12. HP: 60/60 MP: 23/32
 12034 | D:11     | Found Buloh's Magic Scroll Shoppe.
 12042 | D:11     | Bought a scroll of identify for 30 gold pieces
 12042 | D:11     | Bought a scroll of magic mapping for 52 gold pieces
 12042 | D:11     | Bought a scroll of identify for 30 gold pieces
 12182 | D:11     | Noticed a death yak
 12182 | D:11     | Noticed a death yak
 12198 | D:11     | Noticed a death yak
 12208 | D:11     | Killed a death yak
 12237 | D:11     | Killed a death yak
 12237 | D:11     | Reached skill level 5 in Conjurations
 12287 | D:11     | Killed a death yak
 12287 | D:11     | Reached skill level 15 in Spellcasting
 12592 | D:11     | Noticed a death knight
 12788 | D:11     | Killed a death knight
 12788 | D:11     | Reached skill level 5 in Transmutations
 13126 | D:11     | Found a staircase to the Lair.
 13303 | D:11     | Found a staircase to the Orcish Mines.
 13404 | D:12     | Found a gate leading to a gauntlet.
 13408 | D:12     | Paralysed by a hornet for 1 turns
 13667 | Gauntlet | Entered a Gauntlet
 13667 | Gauntlet | Found a transporter.
 13667 | Gauntlet | Found a transporter.
 13667 | Gauntlet | Found a transporter.
 13690 | Gauntlet | Found a transporter.
 13693 | Gauntlet | Found a transporter.
 13693 | Gauntlet | Found a transporter.
 13703 | Gauntlet | Found a transporter.
 13707 | Gauntlet | Found a transporter.
 13716 | Gauntlet | Noticed an entropy weaver
 13717 | Gauntlet | Found a transporter.
 13822 | Gauntlet | Found a transporter.
 13822 | Gauntlet | Found a transporter.
 13843 | Gauntlet | Found a transporter.
 13993 | Gauntlet | Gained mutation: Your flesh is cold resistant. (rC+)
                  | [mutagenic glow]
 14139 | Gauntlet | Offered knowledge of Spellforged Servitor by Vehumet.
 14255 | Gauntlet | Killed an entropy weaver
 14255 | Gauntlet | Reached skill level 1 in Evocations
 14366 | Gauntlet | Noticed a minotaur
 14369 | Gauntlet | Killed a minotaur
 14921 | D:12     | Reached XP level 13. HP: 64/64 MP: 15/35
 16131 | D:13     | Found Uwomeab's Food Shoppe.
 16504 | D:13     | Reached skill level 1 in Fighting
 16560 | D:13     | HP: 3/64 [slime creature (17)]
 16613 | D:13     | Found a flickering gateway to a bazaar.
 16616 | D:13     | Reached ****** piety under Vehumet
 16627 | Bazaar   | Entered a bazaar
 16627 | Bazaar   | Found Kiwn's General Store.
 16627 | Bazaar   | Found Wonukk's General Store.
 16677 | Bazaar   | Bought a potion of heal wounds for 70 gold pieces
 16694 | Bazaar   | Found Itou's General Store.
 16694 | Bazaar   | Found Foqoguc's General Store.
 16709 | Bazaar   | Bought a scroll of magic mapping for 35 gold pieces
 16720 | Bazaar   | Found Vidd's General Store.
 16720 | Bazaar   | Found Ameustee's General Store.
 16743 | Bazaar   | Found Xithee's General Store.
 16743 | Bazaar   | Found Fed Guri's General Store.
 16752 | Bazaar   | Bought a scroll of magic mapping for 49 gold pieces
 16756 | Bazaar   | Bought a +0 pair of boots for 54 gold pieces
 16787 | Bazaar   | Bought a scroll of blinking for 75 gold pieces
 16858 | D:13     | Found a gate to the Vaults.
 17509 | D:13     | Identified a scroll of acquirement
 17546 | D:14     | Found a sacrificial altar of Ru.
 17652 | D:14     | Offered knowledge of Conjure Ball Lightning by Vehumet.
 18078 | D:14     | Learned a level 6 spell: Conjure Ball Lightning
 18706 | D:14     | Reached XP level 14. HP: 68/70 MP: 21/37
 19327 | D:15     | Entered Level 15 of the Dungeon
 19492 | D:15     | Found a staircase to the Depths.
 20037 | D:15     | Offered knowledge of Ozocubu's Refrigeration by Vehumet.
 20498 | Lair:1   | Entered Level 1 of the Lair of Beasts
 20730 | Lair:1   | Found a basalt altar of Yredelemnul.
 20947 | Lair:2   | Learned a level 6 spell: Statue Form
 21242 | Lair:2   | Found an opulent altar of Gozag.
 21873 | Lair:2   | Identified the Guide on Enchanting Cold
 22281 | Lair:3   | Found a staircase to the Shoals.
 22305 | Lair:3   | Found a dark tunnel.
 22310 | Volcano  | Entered a volcano
 23283 | Lair:3   | Found a hole to the Spider Nest.
 23884 | Lair:4   | Noticed Nessos
 23938 | Lair:4   | Noticed Josephine
 23942 | Lair:4   | Killed Josephine
 23942 | Lair:4   | Reached XP level 15. HP: 30/75 MP: 10/39
 24194 | Lair:4   | Killed Nessos
 24194 | Lair:4   | Reached skill level 10 in Conjurations
 24420 | Lair:4   | You fall into a shaft and drop 1 floor!
 24951 | Lair:5   | Offered knowledge of Fireball by Vehumet.
 26050 | Lair:6   | Entered Level 6 of the Lair of Beasts
 26953 | Lair:6   | Offered knowledge of Iskenderun's Battlesphere by Vehumet.
 27189 | Lair:6   | Found a runed translucent door.
 27189 | Lair:6   | Found a viscous altar of Jiyva.
 27817 | Lair:6   | Offered knowledge of Orb of Destruction by Vehumet.
 28224 | Lair:6   | Found a staircase to the Slime Pits.
 28426 | Orc:1    | Entered Level 1 of the Orcish Mines
 28738 | Orc:2    | Entered Level 2 of the Orcish Mines
 28971 | Orc:2    | Found a staircase to the Elven Halls.
 29189 | Orc:2    | Reached XP level 16. HP: 80/80 MP: 26/42
 29658 | Orc:2    | Found Muozecem's Weapon Boutique.
 29658 | Orc:2    | Found Nionterph's Jewellery Emporium.
 29660 | Orc:2    | Found Derid's Antique Weapon Boutique.
 29660 | Orc:2    | Found Zuloocaw's Food Emporium.
 29695 | Orc:2    | Bought a polished hand axe for 152 gold pieces
 29695 | Orc:2    | Bought a brightly glowing great sword for 218 gold pieces
 29705 | Orc:2    | Identified the +10 great sword "Uhayzi" {vamp, rF+ Int+2
                  | Stlth+} (You bought it in a shop on level 2 of the Orcish
                  | Mines)
 29706 | Orc:2    | Identified the +3 hand axe of the Witching Fulmar {vorpal,
                  | rC+ Int+6} (You bought it in a shop on level 2 of the
                  | Orcish Mines)
 29961 | Orc:1    | Offered knowledge of Lehudib's Crystal Spear by Vehumet.
 29961 | Orc:1    | Offered knowledge of Chain Lightning by Vehumet.
 29961 | Orc:1    | Offered knowledge of Absolute Zero by Vehumet.
 30272 | Lair:2   | Got a spiked ring mail
 30273 | Lair:2   | Identified the +1 ring mail of Indemnity {Dex+2} (You found
                  | it on level 2 of the Lair of Beasts)
 30323 | Shoals:1 | Entered Level 1 of the Shoals
 30401 | Shoals:1 | Reached skill level 1 in Long Blades
 30663 | Shoals:1 | Found a runed translucent door.
 30663 | Shoals:1 | Found a shimmering altar of Xom.
 30663 | Shoals:1 | Noticed KappaVara's ghost (adept DsFi)
 30664 | Shoals:1 | Found the +5 robe of Misfortune {*Contam Harm *Corrode
                  | *Drain *Slow EV+5}
 31118 | Shoals:1 | Noticed a kraken
 31146 | Shoals:1 | Killed a kraken
 31594 | Shoals:2 | Found Fisuac's Weapon Boutique.
 31946 | Shoals:2 | Learned a level 8 spell: Lehudib's Crystal Spear
 32022 | Shoals:2 | Learned a level 2 spell: Ensorcelled Hibernation
 32344 | Shoals:2 | Reached skill level 1 in Ice Magic
 32360 | Shoals:2 | Found a basalt altar of Yredelemnul.
 32369 | Shoals:2 | Noticed a kraken
 32378 | Shoals:2 | HP: 3/107 [tentacle[a kraken] (12)]
 32746 | Shoals:2 | Killed a kraken
 32906 | Shoals:2 | Noticed Ilsuiw
 33586 | Shoals:3 | Found the +3 crown of Dyrovepreva {rElec Int+2 SInv}
 33638 | Shoals:3 | Reached skill level 1 in Air Magic
 33656 | Shoals:3 | Reached skill level 5 in Ice Magic
 34077 | Shoals:4 | Entered Level 4 of the Shoals
 34080 | Shoals:4 | Reached XP level 17. HP: 88/88 MP: 22/43
 34502 | Shoals:3 | Learned a level 9 spell: Absolute Zero
 34684 | Shoals:4 | Hit by a silver javelin thrown by a merfolk javelineer

Illustrated notes

Levels and vault maps discovered:
D:1:      dpeg_arrival_concentric_ovals, layout_loops_ring,
          serial_bayou_lagoon_a, minmay_tromino_v2
D:2:      layout_basic, fiery_altar_vehumet, hangedman_abyss_or_decor_stabs,
          grunt_ministairs_12, kennysheep_generic_room_16
D:3:      layout_loops_ring, overflow_temple_1_default, bloody_trog
D:4:      layout_basic, kiku_gazebo_garden_becter, minmay_temple_entry_arrows,
          serial_shops, shop, first_ration, fedhas_altar_4
D:5:      layout_basic
D:6:      layout_rooms, lemuel_round_altar, old_standard_altar,
          nicolae_tso_besieged_by_evil
D:7:      layout_loops_cross, enter_ossuary_4
D:8:      layout_gridville, marbit_many_paths, zin_academy,
          kennysheep_mini_moat, uniq_joseph
D:9:      layout_loops_corners, elyvilon_altar_3, old_standard_altar,
          minitemple, enter_bailey_2, uniq_pikel, uniq_grum
D:10:     layout_loops_cross, corexii_hall_statues_s, uniq_nergalle
D:11:     layout_loops_cross, dpeg_lair_monsters, erik_orc_1, serial_shops, shop
D:12:     layout_layer_cave, gauntlet_entry_generic, grunt_livestock
D:13:     erik_rubicon_b, layout_gridville, ximxim_vaults_locker_room,
          serial_shops, bzr_entry_customers, minmay_shop_grid_forest
D:14:     layout_roguey, hangedman_ru_absence, water_maze_lemuel
D:15:     hangedman_depths_entry_civil_slaughter, layout_long_grid,
          nrook_mini_backslash
Temple:   jpeg_temple_island
Lair:1:   layout_hall_layers, basic_altar, serial_bayou_pond_c,
          lemuel_fruit_fields, grunt_megastairs_2
Lair:2:   layout_chaotic_city, basic_altar, lemuel_fruit_fields,
          serial_bayou_shore_a, grunt_megastairs_4, serial_bayou_shore_b,
          minmay_lair_oklob_chamber
Lair:3:   layout_cave_pods, shoals_dummy_entry, spider_nest_entry_webs,
          enter_volcano_4, chequers_serial_rivers_micro_b,
          chequers_serial_rivers_small_b, chequers_serial_rivers_micro_b,
          grunt_megastairs_1
Lair:4:   layout_hall_layers, uniq_josephine, uniq_nessos
Lair:5:   layout_layer_cave, lemuel_fruit_fields
Lair:6:   hangedman_lair_caniforms_friends, layout_gridlike, slime_altar_2,
          zaba_anthell, lemuel_fruit_fields
Shoals:1: layout_shoals, ebering_ghost_xom, nicolae_shoals_kraken_intersection
Shoals:2: layout_shoals, serial_shops, shop, wheals_shoals_ruined_temple,
          uniq_ilsuiw
Shoals:3: layout_shoals
Shoals:4: shoals_end_grunt_garden, layout_shoals, shoals_ilsuiw_alternative
Orc:1:    layout_caves
Orc:2:    grunt_orc_tribal_feast, layout_diamond_mine

Skill      XL: |  1  2  3  4  5  6  7  8  9 10 11 12 13 14 15 16 17 |
---------------+----------------------------------------------------+-----
Earth Magic    | 4 5 6 7 8 10 12 14 15 16 17 18 20 | 20.6
Spellcasting   | 4 5 6 7 8 9 11 13 14 16 17 18 20 | 20.6
Conjurations   | 1 2 3 4 6 8 9 11 12 | 12.9
Transmutations | 2 3 6 8 |  8.8
Evocations     | 1 2 |  2.0
Fighting       | 1 3 |  3.6
Long Blades    | 4 |  4.2
Dodging        | 3 |  3.0
Ice Magic      | 5 6 |  6.0
Air Magic      | 1 |  1.1
Stealth        | 3 |  3.0

Action                   |  1- 3 |  4- 6 |  7- 9 | 10-12 | 13-15 | 16-18 || total
-------------------------+-------+-------+-------+-------+-------+-------++-------
Melee: Unarmed           |    16 |       |       |       |       |       ||    16
       Dagger            |    24 |    12 |       |       |       |       ||    36
       Short sword       |       |       |       |     1 |    32 |       ||    33
       Mace              |       |       |       |       |    13 |       ||    13
       Great sword       |       |       |       |       |       |    66 ||    66
 Cast: Sandblast         |    58 |    48 |    91 |   130 |   175 |    16 ||   518
       Stone Arrow       |     2 |    20 |    73 |   117 |    93 |    20 ||   325
       Lee's Rapid Decon |       |       |    23 |    55 |    79 |    13 ||   170
       Petrify           |       |       |     4 |    13 |    11 |     3 ||    31
       Iron Shot         |       |       |       |    37 |   385 |   193 ||   615
       Passwall          |       |       |       |     2 |       |       ||     2
       Statue Form       |       |       |       |       |    27 |    28 ||    55
       Conjure Ball Ligh |       |       |       |       |     2 |       ||     2
       Lehudib's Crystal |       |       |       |       |       |    13 ||    13
 Abil: Evoke Invisibilit |       |       |       |     4 |       |       ||     4
Evoke: Wand              |       |       |       |       |     3 |       ||     3
  Use: Scroll            |       |     9 |     7 |    10 |    15 |     9 ||    50
       Potion            |       |       |     3 |     5 |    11 |     5 ||    24
  Eat: Chunk             |     4 |     8 |    10 |    27 |    41 |    19 ||   109
       Ration            |       |       |     1 |     1 |     8 |     1 ||    11
Armor: Robe              |    19 |     3 |     1 |       |       |       ||    23
       Skin              |       |       |    29 |       |   158 |   261 ||   448
       Ring mail         |       |       |       |    33 |    52 |     6 ||    91
Dodge: Dodged            |    82 |    20 |    14 |    36 |   218 |   275 ||   645
       Rpst.: Great sword |       |       |       |       |       |    62 ||    62
